FIQ, neutral female sylph Wizard ------------- |...|.......| -----.---...---.| ....%.|.......|.| -...|.|[---.---.| ....|...| |.|...| ....----- |.|.|---------- ... |.|.|.Mj.bbX'.| . |.-.M..Jbbbb..| . |...-..bb@Tb.*| ----..NjbbLE..| D..Ubdb...| .---------- FIQ the Thaumaturge Experience level: 7 Strength: 11 Dexterity: 14 Constitution: 15 Intelligence: 18 Wisdom: 12 Charisma: 11 Health: 0(65) Energy: 31(69) Def: 1 Gold: 191 Moves: 4212 Dungeon seed: t0gULDKvoHml1And Game ID: FIQ_1441967758 Your Inventory: Coins $ - 191 gold pieces Weapons a - a blessed +1 quarterstaff S - a blessed +3 elven dagger (weapon in hand) Armor e - a cursed +0 cloak of magic resistance (being worn) Comestibles q - 4 uncursed food rations v - an uncursed sprig of wolfsbane z - 2 uncursed lichen corpses I - 2 uncursed slime molds V - an uncursed egg Scrolls i - 2 uncursed scrolls of enchant armor j - an uncursed scroll of destroy armor D - a blessed scroll of enchant armor P - an uncursed scroll of create monster U - a cursed scroll of create monster Z - a blessed scroll of destroy armor Spellbooks W - an uncursed spellbook of light Y - an uncursed spellbook of force bolt Potions f - an uncursed potion of sleeping h - an uncursed potion of water o - an uncursed potion of gain energy p - a blessed potion of healing F - an uncursed potion of healing Rings c - an uncursed ring of polymorph control d - an uncursed ring of slow digestion (on left hand) C - a cursed -1 ring of protection Wands E - an uncursed wand of striking (0:5) H - an uncursed wand of secret door detection (0:13) Q - a blessed wand of sleep (0:6) Tools b - an uncursed sack l - an uncursed oil lamp (0:212) n - an uncursed magic marker (0:51) t - an uncursed towel K - an uncursed oil lamp (0:1009) L - an uncursed oil lamp (0:1076) Gems k - an uncursed sapphire m - 2 uncursed amethyst stones r - an uncursed emerald s - an uncursed worthless piece of green glass y - 2 uncursed worthless pieces of black glass N - an uncursed diamond Spells and supernatural/magical abilities: Name Level Category Fail Memory a - force bolt 1 attack 0% 79% d - dig 5 matter 100% 92% l - light 1 divination 0% 95% m - magic missile 2 attack 0% 79% n - detect monsters 1 divination 0% 79% u - confuse monster 2 enchantment 0% 86% W - pray for help -- divine ? -- Your skills at the end: Fighting Skills Weapon Skills dagger [Basic] quarterstaff [Basic] Spellcasting Skills attack spells [Skilled] divination spells [Basic] enchantment spells [Basic] Final Attributes: You were devoutly aligned. You were magic-protected. You were confused. You saw invisible. You had infravision. You were stealthy. You had slower digestion. You were protected from shape changers. You are dead. Vanquished creatures: a vampire a large mimic a wumpus a giant a leprechaun an orc mummy 2 dwarf lords a dust vortex a gnome mummy a human zombie 2 soldier ants a shrieker 6 gnome lords 2 gnomish wizards a baby crocodile a little dog 2 floating eyes 14 dwarves an orc zombie an iguana an acid blob a gas spore a hobbit a hobgoblin 2 cave spiders a brown mold a yellow mold a red mold 25 gnomes a garter snake a gnome zombie 2 geckos a kobold 2 goblins 6 grid bugs 2 lichens a kobold zombie 4 newts 96 creatures vanquished. Voluntary challenges: You went without food. You had been an atheist until turn 2040. You used a wielded weapon 91 times, starting on turn 11. You read items or engraved 56 times, starting on turn 78. You never genocided any monsters. You never polymorphed an object. You never changed form. You used no wishes. You never split a pudding. You wrote Elbereth's name 11 times, starting on turn 799. You never violated your personal moral code. Dungeon overview: The Dungeons of Doom: levels 1 to 3 Level 1 a long staircase Level 2 a fountain Level 3 stairs to The Gnomish Mines The Gnomish Mines: levels 4 to 11 Level 4 stairs to The Dungeons of Doom Level 5 Level 6 some shops, a temple to Anhur, some fountains Level 7 Level 9 Level 10 Level 11 <- You were here History has recorded: On T:1 you entered the Dungeons of Doom to retrieve the Amulet of Yendor! On T:23 you reached level 2 of The Dungeons of Doom. On T:364 you reached level 3 of The Dungeons of Doom. On T:450 you advanced to experience level 2. On T:770 you reached level 1 of The Gnomish Mines. On T:849 you advanced to experience level 3. On T:1153 you reached level 2 of The Gnomish Mines. On T:1164 you advanced to experience level 4. On T:1352 you advanced to experience level 5. On T:1681 you reached level 3 of The Gnomish Mines. On T:2047 you advanced to experience level 6. On T:2424 you reached level 4 of The Gnomish Mines. On T:2954 you reached level 6 of The Gnomish Mines. On T:3106 you reached level 7 of The Gnomish Mines. On T:3121 you advanced to experience level 7. On T:3298 you reached level 8 of The Gnomish Mines. Score breakdown: Gold: 191 ( 19 points) Experience: 7 levels ( 600 points) Exploration: 11 levels ( 300 points) Discoveries: 14 items ( 700 points) Variety of kills: 38 monsters ( 1900 points) Major goal: (nothing yet) ( 0 points) Survival: died (score multiplied by 3) Total score: 10557 Latest messages: As you read the scroll, it disappears. Being confused, you mispronounce the magic words... You feel like you need some help. (You can name a scroll labeled FOOBIE BLETCH from the item naming menu.) You are covered in slime! It burns! You get expelled! Something is written here in the dust. You read: "| bcreteElberFtnElbLreth". Brrooaa... You land hard at some distance. The large dog misses the acid blob. The rock troll thrusts her pronged polearm. The rock troll hits! (2x) You die... The sack is empty. The sack is empty. Final status: Goodbye FIQ the Wizard, killed by a rock troll... You died in The Gnomish Mines on dungeon level 11 with 10557 points, and 191 pieces of gold, after 4212 moves. You were level 7 with a maximum of 65 hit points when you died.